 Dungeon Crawl Stone Soup version 0.22.0-75-g3901e79 (webtiles) character file.

309 inc the Magician (level 6, -6/41 HPs)
             Began as a Mummy Fire Elementalist on Sept 12, 2018.
             Mangled by an ogre
             ... wielding a +0 giant spiked club
              (16 damage)
             ... on level 4 of the Dungeon.
             The game lasted 00:05:20 (3800 turns).

inc the Magician (Mummy Fire Elementalist)          Turns: 3800, Time: 00:05:21

Health: -6/41      AC:  8    Str: 11    XL:     6   Next: 17%
Magic:  1/12       EV: 12    Int: 17    God:
Gold:   224        SH:  0    Dex: 12    Spells: 2/13 levels left

rFire    x . .     SeeInvis .   o - +3 trident
rCold    + . .     Gourm    .   (no shield)
rNeg     + + +     Faith    .   h - +1 robe {Archmagi}
rPois    ∞         Spirit   .   (no helmet)
rElec    .         Reflect  .   (no cloak)
rCorr    .         Harm     .   (no gloves)
MR       .....                  (no boots)
Stlth    ++........             (no amulet)
HPRegen  0.13/turn              e - +5 ring of protection
MPRegen  0.13/turn              (no ring)

@: very slightly contaminated
A: no food or potions, fire vulnerability, cold resistance 1, negative energy
resistance 3, torment resistance, unbreathing
a: no special abilities


You were on level 4 of the Dungeon.
You were not hungry.

You visited 1 branch of the dungeon, and saw 4 of its levels.

You collected 224 gold pieces.

Inventory:

Hand Weapons
 c - a +0 spear
 f - a +1 short sword of protection
 o - a +3 trident (weapon)
 s - a +0 blowgun
Missiles
 t - 4 poisoned needles
Armour
 a - a +0 robe
 h - a +1 robe of the Archmagi (worn)
 j - the +1 robe "Jacusm" {rC+ Int+4}
   (You found it on level 4 of the Dungeon)

   It affects your intelligence (+4).
   It protects you from cold.
 r - a -2 helmet
Jewellery
 e - a +5 ring of protection (left hand)
Scrolls
 b - a scroll of blinking {unknown}
 d - a scroll of teleportation
 g - a scroll of identify
 i - 7 scrolls of remove curse
 m - a scroll of enchant weapon
 n - a scroll of enchant armour
 p - a scroll of random uselessness {unknown}


   Skills:
 - Level 1.5 Dodging
 - Level 1.5 Stealth
 + Level 4.2 Spellcasting
 + Level 4.0 Conjurations
 + Level 3.3 Fire Magic


You had 2 spell levels left.
You knew the following spells:

 Your Spells              Type           Power        Failure   Level  Hunger
a - Flame Tongue          Conj/Fire      ###..        3%          1    N/A
b - Conjure Flame         Conj/Fire      ###.....     10%         3    N/A
c - Sticky Flame          Conj/Fire      ###.....     32%         4    N/A
e - Inner Flame           Hex/Fire       ##......     24%         3    N/A

Your spell library contained the following spells:

 Spells                   Type           Power        Failure   Level  Hunger
 Throw Flame              Conj/Fire      ###...       4%          2    N/A
 Fireball                 Conj/Fire      ###.......   67%         5    N/A

Dungeon Overview and Level Annotations

Branches:
Dungeon (4/15)
 Temple: D:4-7

Altars:

Annotations:
D:4 2 transporters


Innate Abilities, Weirdness & Mutations

You do not eat or drink.
Your flesh is vulnerable to fire.
You are immune to poison.
Your flesh is cold resistant. (rC+)
You are immune to negative energy. (rN+++)
You are immune to unholy pain and torment.
You can survive without breathing.


Message History

You feel a surge of power!
You miscast Flame Tongue.
Nothing appears to happen.
Casting: Flame Tongue (safe; 3% risk of failure)
Confirm with . or Enter, or press ? or * to list all spells.
Aiming: Flame Tongue (safe; 3% risk of failure)
Press: ? - help, Shift-Dir - straight line, f/p - ogre
Aim: an ogre, wielding a giant spiked club (severely wounded)
You feel a surge of power!
The flame tongue hits the ogre.
The ogre is almost dead.
The ogre hits you with a giant spiked club!!
Ouch! That really hurt!
* * * LOW HITPOINT WARNING * * *
Casting: Flame Tongue (safe; 3% risk of failure)
Confirm with . or Enter, or press ? or * to list all spells.
Aiming: Flame Tongue (safe; 3% risk of failure)
Press: ? - help, Shift-Dir - straight line, f/p - ogre
Aim: an ogre, wielding a giant spiked club (almost dead)
You feel a surge of power!
The flame tongue hits the ogre.
The ogre is almost dead.
The ogre hits you with a giant spiked club!
You die...

#§#.#8P.©. #.#§#P../.
#§.§####+ #.#.#5≈...
#†#.#5≈.?. #l#.#.≈≈≈≈
#s#.#.≈≈♣≈ #O#.#.≈≈≈≈≈o#. #
#@#.#.≈...≈o#.. #
#.#.#.≈...≈5#.# #
#.#.####+####.## #
#.#.#≈..?..≈#... # ###
#.#.#8P$©$P8#.# # ##.##
#.#.#########.#
########...#####.#.....©.....#
...................###...####
..........##########
##.#########


You could see an ogre, a scorpion and an iguana.

Vanquished Creatures
  A howler monkey (D:4)
  A hound (D:4)
  An orc wizard (D:3)
  A worker ant (D:4)
  2 gnolls (D:3)
  9 adders
  An ooze (D:2)
  A worm (D:3)
  2 leopard geckos (D:2)
  5 orcs (D:3)
  A ball python (D:2)
  8 bats
  6 giant cockroaches
  12 goblins
  11 hobgoblins
  3 jackals (D:1)
  2 quokkas
  3 frilled lizards
  8 kobolds
  5 rats
83 creatures vanquished.

Notes
Turn   | Place    | Note
-------+----------+-------------------------------------------
     0 | D:1      | inc the Mummy Fire Elementalist began the quest for the
                  | Orb.
     0 | D:1      | Reached XP level 1. HP: 13/13 MP: 4/4
    44 | D:1      | Reached skill level 1 in Conjurations
   316 | D:1      | Reached XP level 2. HP: 15/19 MP: 2/5
  1150 | D:2      | Reached XP level 3. HP: 24/24 MP: 2/7
  1610 | D:2      | Reached XP level 4. HP: 30/30 MP: 2/8
  2387 | D:3      | Reached XP level 5. HP: 35/35 MP: 0/9
  3496 | D:4      | Got a heavy robe
  3500 | D:4      | Identified the +1 robe "Jacusm" {rC+ Int+4} (You found it
                  | on level 4 of the Dungeon)
  3520 | D:4      | Reached XP level 6. HP: 38/41 MP: 8/12
  3538 | D:4      | Learned a level 3 spell: Inner Flame
  3542 | D:4      | Learned a level 3 spell: Conjure Flame
  3547 | D:4      | Learned a level 4 spell: Sticky Flame
  3715 | D:4      | Found a transporter.
  3767 | D:4      | Found a transporter.
  3800 | D:4      | Mangled by an ogre

Skill      XL: |  1  2  3  4  5  6 |
---------------+-------------------+-----
Conjurations   | 1 2 3 4 |  4.0
Spellcasting   | 3 4 |  4.2
Fire Magic     | 3 |  3.3
Dodging        | |  1.5
Stealth        | |  1.5

Action                   |  1- 3 |  4- 6 || total
-------------------------+-------+-------++-------
Melee: Unarmed           |     3 |       ||     3
       Spear             |     1 |       ||     1
       Short sword       |    10 |       ||    10
       Trident           |       |    24 ||    24
 Cast: Flame Tongue      |    61 |    90 ||   151
       Sticky Flame      |       |     1 ||     1
  Use: Scroll            |       |     5 ||     5
 Stab: Sleeping          |       |     3 ||     3
Armor: Robe              |     5 |     9 ||    14
Dodge: Dodged            |    32 |    44 ||    76
